 Dungeon Crawl Stone Soup version 0.17-a0-2105-gad05798 (webtiles) character file.

60 Geeful the Ruffian (level 3, -4/35 HPs)
             Began as a Troll Warper on Oct 18, 2015.
             Killed from afar by Sigmund (12 damage)
             ... with a puff of flame
             ... on level 2 of the Dungeon.
             The game lasted 00:04:46 (925 turns).

Geeful the Ruffian (Troll Warper)                    Turns: 925, Time: 00:04:46

Health: -4/35      AC:  5    Str: 19    XL:     3   Next: 80%
Magic:  4/4        EV: 10    Int:  9    God:
Gold:   37         SH:  0    Dex: 10    Spells: 1 memorised, 3 levels left

rFire  . . .     SeeInvis .       - Unarmed
rCold  . . .     Clarity  .     a - +0 robe
rNeg   . . .     SustAt   .     (no shield)
rPois  .         Gourm    +     (helmet restricted)
rElec  .         Spirit   .     (no cloak)
rCorr  .         Warding  .     (gloves unavailable)
rMut   .         Stasis   .     (boots unavailable)
MR     .....                    (no amulet)
Stlth  +.........               (no ring)
                                (no ring)

@: slowed, very slow, not resistant to hostile enchantments, very unstealthy
A: unfitting armour, claws 3, fast metabolism 3, gourmand, regeneration 2,
shaggy fur 1, tough skin 2
a: no special abilities


You were on level 2 of the Dungeon.
You were completely stuffed.

You visited 1 branch of the dungeon, and saw 2 of its levels.

You collected 37 gold pieces.

Inventory:

Missiles
 d - 5 tomahawks of dispersal (quivered)
Armour
 a - a +0 robe (worn)
Scrolls
 c - 5 scrolls of blinking
 j - 2 scrolls of teleportation {unknown}
 k - 2 scrolls of enchant weapon {unknown}
 m - a scroll of immolation {unknown}
 n - a scroll of enchant armour {unknown}
Books
 b - a book of Spatial Translocations

   Spells                             Type                      Level
   a - Apportation                    Translocation                1
   b - Blink                          Translocation                2
   c - Shroud of Golubria             Charms/Translocation         2
   d - Portal Projectile              Translocation                3
   e - Teleport Other                 Translocation                3
   f - Passage of Golubria            Translocation                4
Comestibles
 e - 2 bread rations
 h - a meat ration
 l - 4 chunks of flesh


   Skills:
 + Level 2.0 Fighting
 - Level 0.8 Throwing
 + Level 2.4 Dodging
 + Level 2.6 Unarmed Combat
 + Level 1.4 Spellcasting
 + Level 2.5 Translocations


You had 3 spell levels left.
You knew the following spells:

 Your Spells              Type           Power        Failure   Level  Hunger
a - Apportation           Tloc           #.........   14%         1    ##.....


Dungeon Overview and Level Annotations

Branches:
Dungeon (2/15)

Altars:

Annotations:
D:2 Sigmund


Innate Abilities, Weirdness & Mutations

You are too large for most types of armour.
You have claws for hands.
Your metabolism is lightning-fast.
You like to eat raw meat.
You heal very quickly.
You are covered in fur (AC +1).
You have very tough skin (AC +2).


Message History

You bump into the rock wall.
You feel less confused. Something hits you but does no damage.
Something completely misses you. Something hits you.
* * * LOW HITPOINT WARNING * * *
Sigmund points at you and mumbles some strange words.
The magic dart hits you!
Sigmund zaps a wand.
You resist with significant effort.
Sigmund zaps a wand.
Nothing appears to happen.
Sigmund misses you. Sigmund gestures at you while chanting.
The puff of flame hits you!
* * * LOW HITPOINT WARNING * * *
Your magical contamination has completely faded away.
You barely miss Sigmund.
Sigmund is almost dead.
Sigmund gestures at you while chanting. The puff of flame hits you!
You die...

###### ###....####
#...>....#. #######
#.......†..
#.....#####
###....###.
##.##@@...## ###†###..
#..).###..######(.##..
####.####.......#.{...
#.)..#######.......
####.### #.......
#..(# #.##..##
###(#####.##.##
#.#.....##.# ######
#...######.#


You could see Sigmund.

Vanquished Creatures
  An adder (D:2)
  2 oozes (D:1)
  A giant gecko (D:1)
  5 hobgoblins
  5 jackals (D:2)
  5 kobolds
  7 bats
  5 giant newts
  6 goblins
  4 rats (D:1)
41 creatures vanquished.

Notes
Turn   | Place    | Note
--------------------------------------------------------------
     0 | D:1      | Geeful the Troll Warper began the quest for the Orb.
     0 | D:1      | Reached XP level 1. HP: 19/19 MP: 1/1
   184 | D:1      | Reached XP level 2. HP: 21/27 MP: 2/2
   433 | D:1      | Reached XP level 3. HP: 32/35 MP: 4/4
   661 | D:1      | You fall through a shaft!
   714 | D:2      | Noticed Sigmund
   925 | D:2      | Killed from afar by Sigmund

Vault maps used:
D:1:      minmay_arrival_plants_in_alcoves, minmay_vboxes
D:2:      nicolae_ru_the_path_less_chosen, uniq_sigmund

Action                   || total
-------------------------++-------
Melee: Unarmed           ||   122
  Use: Potion            ||     3
       Scroll            ||     1
  Eat: Chunk             ||    14
